 Dungeon Crawl Stone Soup version 0.30-a0-1163-gf69bf04e7a (webtiles) character file.

Game seed: 6638427959498174195

176 vineage the Covered (level 5, -6/33 HPs)
             Began as a Gargoyle Fighter on Apr 28, 2023.
             Was an Initiate of Okawaru.
             Mangled by Sigmund
             ... wielding a +2 scythe of venom
              (13 damage)
             ... on level 3 of the Dungeon.
             The game lasted 00:02:37 (2091 turns).

vineage the Covered (Gargoyle Fighter)              Turns: 2091, Time: 00:02:37

Health: -6/33      AC: 13    Str: 19    XL:     5   Next: 56%
Magic:  5/5        EV: 10    Int:  9    God:    Okawaru [......]
Gold:   180        SH:  0    Dex: 11    Spells: 4/4 levels left

rFire   . . .        a - +7 mace of Variability {chaos, chaos arc}
rCold   + . .        (shield currently unavailable)
rNeg    + . .        g - +2 ring mail {rC+}
rPois   ∞            (no helmet)
rElec   +            (no cloak)
rCorr   .            k - +0 pair of gloves
SInv    .            (no boots)
Will    .....        (no amulet) Stlth
                     (no ring)
HPRegen 0.25/turn    (no ring)
MPRegen 0.09/turn

%: no passive effects
@: confused
A: sickness immunity, AC +4, negative energy resistance 1, electricity
resistance, torment resistance 1, petrification resistance
a: Renounce Religion


You were on level 3 of the Dungeon.
You worshipped Okawaru.
Okawaru was noncommittal.
You visited 1 branch of the dungeon, and saw 3 of its levels.

You collected 180 gold pieces.

Inventory:

Hand Weapons
 a - the +7 mace of Variability (weapon) {chaos, chaos arc}
   (You acquired it on level 2 of the Dungeon)
 l - a +0 morningstar
Armour
 g - a +2 ring mail of cold resistance (worn)
 k - a +0 pair of gloves (worn)
Jewellery
 b - a ring of ice
Scrolls
 o - a scroll of teleportation {unknown}
Potions
 c - a potion of lignification {unknown}
 d - 3 potions of might
 e - a potion of haste {unknown}
 f - a potion of invisibility {unknown}
 h - a potion of magic {unknown}
 i - a potion of brilliance {unknown}
 j - a potion of heal wounds {unknown}
 m - a potion of curing {unknown}
 n - a potion of flight {unknown}


   Skills:
 + Level 4.1 Fighting
 * Level 3.8 Maces & Flails
 + Level 4.2 Armour
 + Level 4.1 Shields


You had 4 spell levels left.
You didn't know any spells.
Your spell library contained the following spells:

 Spells                   Type           Power      Damage    Failure   Level
 Ignite Poison            Fire/Tmut/Pois 0%         N/A       90%         3
 Freezing Cloud           Conj/Ice/Air   0%         6-21      100%        5
 Chain Lightning          Conj/Air       0%         N/A       100%        9
 Fire Storm               Conj/Fire      0%         5d1       100%        9
 Shatter                  Erth           0%         3d5*      100%        9
 Cigotuvi's Dreadful Rot  Necr/Pois/Air  Unusable   N/A       N/A         2

Dungeon Overview and Level Annotations

Branches:
Dungeon (3/15)

Altars:
Okawaru
Wu Jian

Shops:
D:1 =

Annotations:
D:3 Sigmund


Innate Abilities, Weirdness & Mutations

You are immune to sickness and miasma.
Your stone body is resilient. (AC +4)
You are immune to poison.
You resist negative energy. (rN+)
You are resistant to electric shocks. (rElec)
You are resistant to unholy torment.
You are immune to petrification.


Message History

Sigmund hits you with a +2 scythe of venom.
You closely miss Sigmund.
Sigmund is heavily wounded.
Sigmund misses you.
You closely miss Sigmund.
Sigmund is heavily wounded.
Sigmund barely misses you.
You hit Sigmund.
Sigmund seems to grow stronger.
Sigmund is severely wounded.
Sigmund hits you with a +2 scythe of venom!
You are too injured to fight recklessly!
You are too injured to fight recklessly!
You are too injured to fight recklessly!
You are too injured to fight recklessly!
You are too injured to fight recklessly!
You are too injured to fight recklessly!
You are too injured to fight recklessly!
You are too injured to fight recklessly!
You are too injured to fight recklessly!
You are too injured to fight recklessly!
You are too injured to fight recklessly!
You are too injured to fight recklessly!
You are too injured to fight recklessly!
You are too injured to fight recklessly!
You are too injured to fight recklessly!
You are too injured to fight recklessly!
You are too injured to fight recklessly!
You are too injured to fight recklessly!
You closely miss Sigmund.
Sigmund is severely wounded.
Sigmund casts a spell.
Sigmund flickers and vanishes!
Deactivating autopickup; reactivate with Ctrl-A.
You barely miss something. Something hits you!
* * * LOW HITPOINT WARNING * * *
You barely miss something.
You hear some strange, mumbled words.
You are confused.
Something hits you!
You die...

#. ### #. #.. #.#. #.# #.#. ...#
#.# #.#.#. ..# ###.# #.#.## ..+
..#.# #.#.## ..# #.#{# #.#.##
########.# #.#@# #.#.##
......##.# #.#.# #.#.#.
#####.##.# #.#.######## #.#.#.
.........#####.#.##.....####.#...
#####.#...........'..............
#.......####.###.##.....###......
.......>..........########~.#####
#.#...#.#....####.# ##~.#
..+...+.+....# #.# #~~~#


There were no monsters in sight!

Vanquished Creatures
  A phantom (D:3)
  4 adders
  4 dart slugs
  2 orcs (D:3)
  5 endoplasms
  A giant cockroach (D:2)
  6 goblins
  A hobgoblin (D:2)
  12 jackals
  A quokka (D:1)
  4 ball pythons
  4 bats
  3 frilled lizards
  3 kobolds
  5 rats
56 creatures vanquished.

Notes
Turn   | Place    | Note
-------+----------+-------------------------------------------
     0 | D:1      | vineage the Gargoyle Fighter began the quest for the Orb.
     0 | D:1      | Reached XP level 1. HP: 14/14 MP: 1/1
    98 | D:1      | Reached XP level 2. HP: 19/19 MP: 2/2
   298 | D:1      | Reached XP level 3. HP: 23/23 MP: 3/3
   309 | D:1      | Found Kawkim's Jewellery Shoppe.
  1133 | D:2      | Found a faded altar of an unknown god.
  1280 | D:2      | Reached XP level 4. HP: 29/29 MP: 4/4
  1365 | D:2      | Identified a scroll of acquirement
  1365 | D:2      | Acquired the +7 mace of Variability {chaos, chaos arc}
  1365 | D:2      | Found the +7 mace of Variability {chaos, chaos arc}
  1699 | D:3      | Found an iron altar of Okawaru.
  1699 | D:3      | Found an ornate altar of the Wu Jian Council.
  1725 | D:3      | Noticed a phantom
  1739 | D:3      | Killed a phantom
  1740 | D:3      | Reached XP level 5. HP: 32/33 MP: 5/5
  1784 | D:3      | Became a worshipper of Warmaster Okawaru
  2080 | D:3      | Noticed Sigmund
  2091 | D:3      | Mangled by Sigmund

Illustrated notes

Levels and vault maps discovered:
D:1:      lemuel_arrival_broad_hall, layout_loops_ring, serial_shops, shop,
          minmay_strange_pillars, hex_tiny
D:2:      minmay_general_purpose_star, layout_loops_ring,
          hellmonk_ecumenical_altar_pennies_from_heaven
D:3:      layout_basic, jmf_multi_god_temple, serial_rivers,
          chequers_serial_rivers_small_3, chequers_serial_rivers_micro_c,
          chequers_serial_rivers_large_b, chequers_serial_rivers_small_3,
          chequers_serial_rivers_small_3, chequers_serial_rivers_small_b,
          uniq_sigmund

Skill      XL: |  1  2  3  4 |
---------------+-------------+-----
Maces & Flails | 3 |  3.8
Armour         | 4 |  4.2
Fighting       | 4 |  4.1
Shields        | 4 |  4.1

Action                     |  1- 3 |  4- 6 || total
---------------------------+-------+-------++-------
  Melee: Flail             |    80 |       ||    80
         Morningstar       |    25 |     1 ||    26
         Great mace        |       |    50 ||    50
    Use: Scroll            |     1 |     1 ||     2
 Armour: Scale mail        |    36 |       ||    36
         Ring mail         |    34 |    33 ||    67
  Dodge: Dodged            |    60 |    30 ||    90
  Block: Buckler           |    32 |       ||    32

Table legend: (Time is in decaauts)
 A = Elapsed time spent in this place.
 B = Non-inter-level travel time spent in this place.
 C = Inter-level travel time spent in this place.
 D = Time resting spent in this place.
 E = Time spent auto-exploring this place.
 F = Levels seen in this place.
 G = Mean time per level.
                   A        B        C        D        E       F      G
               +--------+--------+--------+--------+--------+-----+--------+
         Total |   2186 |   2074 |    112 |      0 |   1668 |   3 |  728.7 |
       Dungeon |   2186 |   2074 |    112 |      0 |   1668 |   3 |  728.7 |
               +--------+--------+--------+--------+--------+-----+--------+

Top non-repeatable levels by time:
     D:1: 786 daAuts
     D:3: 754 daAuts
     D:2: 645 daAuts
